 Dungeon Crawl Stone Soup version 0.26-a0-712-ga5a9c9c9d0 (webtiles) character file.

Game seed: 10455534270907531787

156 kae the Poker (level 5, 0/41 HPs)
             Began as a Merfolk Gladiator on Nov 12, 2020.
             Was an Initiate of Qazlal.
             Slain by a centaur (9 damage)
             ... on level 5 of the Dungeon.
             The game lasted 00:01:29 (3586 turns).

kae the Poker (Merfolk Gladiator)                   Turns: 3586, Time: 00:01:29

Health: 0/41       AC:  4    Str: 18    XL:     5   Next: 38%
Magic:  6/6        EV: 14    Int:  7    God:    Qazlal [......]
Gold:   197        SH:  0    Dex: 15    Spells: 4/4 levels left

rFire    . . .     SeeInvis .   a - +0 trident
rCold    . . .     Faith    .   (no shield)
rNeg     . . .     Spirit   .   b - +0 leather armour
rPois    .         Reflect  .   c - +0 helmet
rElec    .         Harm     .   (no cloak)
rCorr    .         Rampage  .   (no gloves)
MR       .....                  (no boots)
Stlth    +.........             (no amulet)
HPRegen  0.13/turn              (no ring)
MPRegen  0.10/turn              (no ring)

@: no status effects
A: change form in water, swift swim, stealthy swim, strong 1, evolution 1
a: Renounce Religion


You were on level 5 of the Dungeon.
You worshipped Qazlal.
Qazlal was noncommittal.
You visited 1 branch of the dungeon, and saw 5 of its levels.

You collected 197 gold pieces.

Inventory:

Hand Weapons
 a - a +0 trident (weapon)
Missiles
 d - 3 throwing nets (quivered)
Armour
 b - a +0 leather armour (worn)
 c - a +0 helmet (worn)
Jewellery
 o - an uncursed amulet of the acrobat {unknown}
 p - an uncursed ring of flight {unknown}
Scrolls
 e - a scroll of blinking
 h - a scroll of noise {unknown}
 j - 4 scrolls of identify {unknown}
 l - 5 scrolls of teleportation {unknown}
 m - 2 scrolls of magic mapping {unknown}
 n - 3 scrolls of remove curse {unknown}
 q - a scroll of fog {unknown}


   Skills:
 + Level 3.6 Fighting
 * Level 7.1 Polearms
 - Level 2.0 Throwing
 - Level 4.0 Dodging
 + Level 1.5 Invocations


You had 4 spell levels left.
You didn't know any spells.
Your spell library was empty.

Dungeon Overview and Level Annotations

Branches:
Dungeon (5/15)
 Temple: D:4-7

Altars:
Cheibriados
Dithmenos
Qazlal

Annotations:
D:4 Grinder


Innate Abilities, Weirdness & Mutations

You revert to your normal form in water.
You are very nimble and swift while swimming.
You are very stealthy in the water. (Stealth+)
Your muscles are strong. (Str +2)
You evolve.


Message History

Okay, then.
You feel better.
You start resting.
The centaur shoots an arrow.
The arrow hits you.
The centaur unwields a +0 shortbow.
The centaur hits you!
* * * LOW HITPOINT WARNING * * *
You hit the centaur.
The centaur is lightly wounded.
The centaur closely misses you.
You barely miss the centaur.
The centaur is lightly wounded.
The centaur barely misses you. The centaur misses you.
You closely miss the centaur.
The centaur is lightly wounded.
The centaur hits you.
* * * LOW HITPOINT WARNING * * *
You puncture the centaur!
The centaur is heavily wounded.
The centaur hits you!
You die...

##.######
#.......##
#........
#...#...##
###.......<#
..........)#
#####.#......#
#...#.#......##
#(@...#.......#
###c#......####
##.#.#.#(#.####.#
......?(........#
.c.......#.######
.............
....>......#.#
.............#
....#.########


You could see a centaur.

Vanquished Creatures
  A hound (D:4)
  An orc wizard (D:3)
  3 adders
  2 oozes
  2 dart slugs (D:1)
  5 leopard geckos
  5 orcs
  2 bats
  2 giant cockroaches
  5 goblins
  5 hobgoblins
  2 jackals (D:1)
  6 kobolds
  4 frilled lizards
  5 rats
50 creatures vanquished.

Notes
Turn   | Place    | Note
-------+----------+-------------------------------------------
     0 | D:1      | kae the Merfolk Gladiator began the quest for the Orb.
     0 | D:1      | Reached XP level 1. HP: 16/16 MP: 1/1
   274 | D:1      | Reached XP level 2. HP: 23/23 MP: 2/2
   303 | D:1      | Reached skill level 5 in Polearms
   666 | D:1      | Reached XP level 3. HP: 28/28 MP: 3/3
  1137 | D:2      | Found a stormy altar of Qazlal.
  1388 | D:2      | Found a snail-covered altar of Cheibriados.
  1439 | D:2      | Reached skill level 6 in Polearms
  1782 | D:2      | Found a shadowy altar of Dithmenos.
  1860 | D:2      | Became a worshipper of Qazlal Stormbringer
  1917 | D:3      | Reached XP level 4. HP: 35/35 MP: 4/4
  2264 | D:3      | Reached skill level 1 in Invocations
  2744 | D:4      | Reached skill level 7 in Polearms
  2744 | D:4      | Reached XP level 5. HP: 26/41 MP: 4/6
  3027 | D:4      | Noticed Grinder
  3029 | D:4      | Paralysed by Grinder for 6 turns
  3038 | D:4      | Gained mutation: Your muscles are strong. (Str +2) [potion
                  | of mutation]
  3038 | D:4      | Gained mutation: You evolve. [potion of mutation]
  3038 | D:4      | HP: 1/41 [Grinder (5)]
  3355 | D:4      | Paralysed by Grinder for 6 turns
  3362 | D:5      | Entered Level 5 of the Dungeon
  3574 | D:5      | Noticed a centaur
  3586 | D:5      | Slain by a centaur

Illustrated notes

Levels and vault maps discovered:
D:1:      minmay_arrival_floating_metal, layout_basic
D:2:      kennysheep_big_flooded_room, layout_loops_corners,
          nicolae_overflow_hidden_temple, lemuel_altar_in_water
D:3:      layout_loops_ring
D:4:      layout_basic, serial_shops, kennysheep_little_box, uniq_grinder
D:5:      cheibrodos_quashed, layout_basic

Skill      XL: |  1  2  3  4 |
---------------+-------------+-----
Polearms       | 5 6 7 |  7.1
Fighting       | 3 |  3.6
Invocations    | 1 |  1.5
Throwing       | |  2.0
Dodging        | |  4.0

Action                   |  1- 3 |  4- 6 || total
-------------------------+-------+-------++-------
Melee: Trident           |    99 |   102 ||   201
  Use: Potion            |       |     5 ||     5
       Scroll            |       |     1 ||     1
 Stab: Sleeping          |     4 |       ||     4
Armor: Leather armour    |    14 |    28 ||    42
Dodge: Dodged            |    73 |    57 ||   130

Table legend: (Time is in decaauts)
 A = Elapsed time spent in this place.
 B = Non-inter-level travel time spent in this place.
 C = Inter-level travel time spent in this place.
 D = Time resting spent in this place.
 E = Time spent auto-exploring this place.
 F = Levels seen in this place.
 G = Mean time per level.
                   A        B        C        D        E       F      G
               +--------+--------+--------+--------+--------+-----+--------+
         Total |   3564 |   3425 |    139 |    286 |   2770 |   5 |  712.8 |
       Dungeon |   3564 |   3425 |    139 |    286 |   2770 |   5 |  712.8 |
               +--------+--------+--------+--------+--------+-----+--------+

Top non-repeatable levels by time:
     D:3: 1135 daAuts
     D:1: 1016 daAuts
     D:2: 841 daAuts
     D:4: 346 daAuts
     D:5: 223 daAuts
